 Dungeon Crawl Stone Soup version 0.31.0-11-ge490571c62 (webtiles) character file.

Game seed: 6289920668383900393

45868 sanka the Black Belt (level 14, -28/115 HPs)
             Began as a Merfolk Shapeshifter on Feb 3, 2024.
             Was a High Priest of Okawaru.
             Killed from afar by a deep troll earth mage (29 damage)
             ... with a blast of rock fragments
             ... on level 1 of the Depths on Feb 4, 2024.
             The game lasted 00:44:55 (22300 turns).

sanka the Black Belt (Merfolk Shapeshifter)        Turns: 22300, Time: 00:44:56

Health: -28/115    AC:  2    Str: 15    XL:     14   Next: 35%
Magic:  0/21       EV: 36    Int:  5    God:    Okawaru [*****.]
Gold:   1950       SH:  0    Dex: 27    Spells: 13/13 levels left

rFire   . .          .
                       - Unarmed
rCold   + . .        (shield currently unavailable)
rNeg    . . .        R - melded +0 leather armour {rC+ rF+}
rPois   .            (helmet restricted)
rElec   .            (no cloak)
rCorr   +            B - +1 pair of gloves
SInv    +            (no boots)
Will    +....        e - amulet of guardian spirit
Stlth   ++           g - ring of Vebemutu {rCorr Int-5 Dex+6 SInv}
HPRegen 0.39/turn    P - ring of Qazlal's Regard {rC+ Dex+6 SInv}
MPRegen 0.17/turn

%: guardian spirit
@: flux-form, heroic, glowing, studying 2 skills
A: glow, contaminating, (nimble swimmer 2), mertail, horns 1, clumsy 1, sturdy
frame 1
a: Begin Untransformation, Renounce Religion, Heroism, Finesse, Duel


You were on level 1 of the Depths.
You worshipped Okawaru.
Okawaru was extremely pleased with you.
You were something dangerously unstable.
You visited 3 branches of the dungeon, and saw 17 of its levels.
You also visited: Sewer, Gauntlet and Ice Cave.

You collected 2265 gold pieces.
You spent 315 gold pieces at shops.


Innate Abilities, Weirdness & Mutations

You are something dangerously unstable.
You glow with magical radiation, making you easy to see and hit.
Foes you strike become dangerously contaminated with magical radiation.
You are incapable of wielding weapons or throwing items.
((You are very nimble when in or above water. (Stealth+, EV+, Speed+++)))
Your lower body shifts to a powerful aquatic tail in water.
You have a pair of small horns on your head.
You are clumsy. (Dex -2)
Your movements are slightly less encumbered by armour. (ER -2)


   Skills:
 - Level 12.0(17.0) Fighting
 - Level 15.0(20.0) Dodging
 - Level 18.0(23.0) Unarmed Combat
 + Level 9.7 Invocations
 - Level 14.0 Shapeshifting


You had 13 spell levels left.
You didn't know any spells.
Your spell library contained the following spells:

 Spells                   Type           Power      Damage    Failure   Level
 Sandblast                Erth           0%         2d4       47%         1
 Shock                    Conj/Air       0%         1d3       47%         1
 Lesser Beckoning         Tloc           0%         N/A       63%         2
 Mercury Vapours          Alch/Air       0%         N/A       63%         2
 Scorch                   Fire           0%         2d5       63%         2
 Frozen Ramparts          Ice            0%         1d1       85%         3
 Gell's Gravitas          Tloc           0%         N/A       85%         3
 Hailstorm                Conj/Ice       0%         3d5       85%         3
 Mephitic Cloud           Conj/Alch/Air  0%         N/A       85%         3
 Passwall                 Erth           0%         N/A       85%         3
 Sigil of Binding         Hex            0%         N/A       85%         3
 Stone Arrow              Conj/Erth      0%         3d7       85%         3
 Swiftness                Air            0%         N/A       85%         3
 Teleport Other           Tloc           0%         N/A       85%         3
 Brom's Barrelling Bould  Conj/Erth      0%         2d3       99%         4
 Dimensional Bullseye     Hex/Tloc       0%         N/A       99%         4
 Flame Wave               Conj/Fire      0%         2d4       99%         4
 Leda's Liquefaction      Alch/Erth      0%         N/A       99%         4
 Petrify                  Alch/Erth      0%         N/A       99%         4
 Vhi's Electric Charge    Tloc/Air       0%         N/A       99%         4
 Arcjolt                  Conj/Air       0%         1d10      100%        5
 Borgnjor's Vile Clutch   Necr/Erth      0%         N/A       100%        5
 Freezing Cloud           Conj/Ice/Air   0%         6-21      100%        5
 Metabolic Englaciation   Hex/Ice        0%         N/A       100%        5
 Plasma Beam              Fire/Air       0%         2x1d10    100%        6
 Lehudib's Crystal Spear  Conj/Erth      0%         10d2      100%        8
 Call Canine Familiar     Summ           Unusable   N/A       N/A         3
 Summon Ice Beast         Ice/Summ       Unusable   N/A       N/A         3
 Animate Armour           Summ/Erth      Unusable   N/A       N/A         4
 Animate Dead             Necr           Unusable   N/A       N/A         4
 Death Channel            Necr           Unusable   N/A       N/A         6
 Sculpt Simulacrum        Ice/Alch       Unusable   N/A       N/A         6
 Summon Cactus Giant      Summ           Unusable   N/A       N/A         6

Inventory:

Missiles
 p - a throwing net {=f}
 L - 3 curare-tipped darts {=f}
Armour
 B - a +1 pair of gloves (worn)
 R - a +0 leather armour of resistance (melded)
Jewellery
 c - the ring of Uzube {Fly rC+ rCorr}

   [ring of protection from cold]

   rC+:       It protects you from cold.
   Fly:       It grants you flight.
   rCorr:     It protects you from acid and corrosion.
 e - an amulet of guardian spirit (around neck)
 g - the ring of Vebemutu (left hand) {rCorr Int-5 Dex+6 SInv}

   [ring of dexterity]

   Int-5:     It affects your intelligence (-5).
   Dex+6:     It affects your dexterity (+6).
   SInv:      It lets you see invisible.
   rCorr:     It protects you from acid and corrosion.
 i - an amulet of the acrobat
 m - the ring "Sioff" {rPois rF+ Will- Dex+5 Stlth+}

   [ring of protection from fire]

   Dex+5:     It affects your dexterity (+5).
   rF+:       It protects you from fire.
   rPois:     It protects you from poison Will-: It decreases your willpower.
   Stlth+:    It makes you more stealthy.
 u - a ring of poison resistance
 M - a ring of willpower
 O - the amulet of Law {^Fragile rElec Regen+ rCorr}

   [amulet of regeneration]

   rElec:     It insulates you from electricity.
   Regen+:    It increases your rate of health regeneration.
   rCorr:     It protects you from acid and corrosion.
   ^Fragile:  It will be destroyed if unequipped.
 P - the ring of Qazlal's Regard (right hand) {rC+ Dex+6 SInv}

   [ring of dexterity]

   Dex+6:     It affects your dexterity (+6).
   rC+:       It protects you from cold.
   SInv:      It lets you see invisible.
 Q - the ring of Dobbasm {rF+ Int+2}

   [ring of protection from fire]

   Int+2:     It affects your intelligence (+2).
   rF+:       It protects you from fire.
Talismans
 d - a flux talisman (active)
Wands
 j - a wand of quicksilver (12)
 k - a wand of polymorph (11)
 s - a wand of mindburst (13)
 y - a wand of flame (44)
 G - a wand of paralysis (21)
 K - a wand of iceblast (4)
Scrolls
 a - a scroll of poison {!r}
 b - 2 scrolls of vulnerability {!r}
 h - 2 scrolls of fear
 q - 4 scrolls of revelation
 r - 3 scrolls of fog
 t - 8 scrolls of teleportation {@r4}
 v - 4 scrolls of noise {!r}
 w - a scroll of enchant weapon
 x - a scroll of silence {!r}
 F - a scroll of blinking
Potions
 f - 2 potions of resistance
 l - a potion of mutation {!q}
 n - a potion of enlightenment {unknown}
 o - 3 potions of might
 z - 4 potions of curing {@q1}
 C - 2 potions of invisibility
 E - 3 potions of attraction {!q}
 H - 3 potions of heal wounds {@q2}
 I - 2 potions of haste {@q3}
 J - a potion of magic {unknown}
 N - a potion of degeneration {unknown}
 S - a potion of berserk rage {unknown}
 T - a potion of lignification {!q}

Dungeon Overview and Level Annotations

Branches:
Dungeon (15/15)            Temple (1/1) D:6            Lair (0/5) D:9
    Orc (0/2) D:10         Vaults (0/5) D:14         Depths (1/4) D:15
  Sewer (visited)           IceCv (visited)         Gauntlet (visited)

Altars:
Ashenzari
Cheibriados
Dithmenos
Elyvilon
Fedhas
Gozag
Hepliaklqana
Kikubaaqudgha
Makhleb
Nemelex Xobeh
Okawaru
Qazlal
Ru
Sif Muna
Trog
Uskayaw
Vehumet
Wu Jian
Xom
Yredelemnul
Zin
The Shining One

Shops:
D:11 *

Annotations:
D:9 exclusion: downstairs
D:10 exclusion: downstairs
D:14 exclusion: downstairs

........▒.▒▒▒▒▒▒▒.▒
........TTT.▒.....▒
▒▒....▒...T.▒.▒▒▒.▒
▒▒.▒▒▒.▒....▒...▒.▒
......▒▒▒....▒▒.▒.▒
.▒▒▒▒.▒▒▒.......▒.▒
▒ ▒..▒▒.▒.....▒.▒
▒▒.▒▒...▒...▒.▒
▒.▒▒▒▒.▒...p.▒
▒......▒.....▒
▒▒▒▒▒▒▒▒▒▒▒▒▒▒


You could see 2 deep trolls and a deep troll earth mage (misshapen).


Message History

The deep troll completely misses you. The deep troll completely misses you.
The deep troll earth mage points next to you and mumbles some strange words.
Some rock shatters into small pieces.
You hit the deep troll earth mage.
The deep troll earth mage glows dangerously bright.
The deep troll earth mage is moderately wounded.
Unknown command.
You hit the deep troll earth mage.
The deep troll earth mage shudders as magic cascades through it.
The deep troll earth mage twists and deforms.
The deep troll earth mage is moderately wounded.
The deep troll earth mage gestures next to you while chanting.
Some rock shatters into small pieces.
The deep troll misses you. The deep troll claws you!
* * * LOW HITPOINT WARNING * * *
The deep troll claws you!!
* * * LOW HITPOINT WARNING * * *
The deep troll earth mage casts a spell next to you.
The wall shatters!
The blast of rock fragments hits you!
* * * LOW HITPOINT WARNING * * *
Blink to where?
Press: ? - help, Dir - move target
As you read the scroll of blinking, it crumbles to dust.
The deep troll earth mage gestures next to you while chanting.
The wall shatters!
The blast of rock fragments hits you!!
You die...

Action                     |  1- 3 |  4- 6 |  7- 9 | 10-12 | 13-15 || total
---------------------------+-------+-------+-------+-------+-------++-------
  Melee: Unarmed           |   114 |   264 |   317 |   794 |   356 ||  1845
         Punch             |     1 |       |       |       |       ||     1
         Tailslap          |       |       |     6 |     8 |     9 ||    23
         Headbutt          |       |       |       |       |    53 ||    53
 Invoke: Heroism           |       |       |     1 |    24 |    16 ||    41
  Evoke: Wand              |       |       |     4 |     6 |     1 ||    11
    Use: Potion            |       |     4 |     1 |     1 |     2 ||     8
         Scroll            |       |       |       |    17 |    10 ||    27
   Stab: Sleeping          |     1 |       |       |       |       ||     1
 Armour: Animal skin       |    48 |       |       |       |       ||    48
         Ring mail         |       |    26 |       |       |       ||    26
         Skin              |       |    82 |   104 |   265 |    93 ||   544
  Dodge: Dodged            |    66 |   180 |   254 |   704 |   351 ||  1555
   Form: Flux              |       |     1 |       |       |     1 ||     2
                           |       |       |       |       |     1 ||     1
         Maw               |       |       |       |       |     1 ||     1

Levels and vault maps discovered:
D:1:      dpeg_arrival_simpleton_b, layout_basic, serial_glass, glass_columns_c,
          glass_columns_a, glass_columns_a, glass_columns_b, item_on_display_b,
          item_on_display_a, item_on_display_a, due_unseen_surprise
D:2:      layout_basic
D:3:      layout_loops_ring, grunt_ministairs_14, minmay_circle_x
D:4:      layout_loops_ring, minmay_manual_macuahuitl
D:5:      minmay_skewed_foursquare, layout_cave_pools, gup_sewer_entry_bubbles
D:6:      layout_basic, mainiacjoe_overflow_24_doors, minmay_temple_entry_hall
D:7:      corexii_shantytown, layout_gridville, minitemple,
          ebering_ghost_reflecting_pool, minmay_hollow_rounded_squares,
          uniq_jeremiah, uniq_menkaure
D:8:      layout_cave_pods, serial_glass, glass_columns_c, glass_columns_b,
          item_on_display_a, feat_on_display, feat_on_display, special_room
          [special_room_orc]
D:9:      layout_basic, lair_entry_dummy, serial_ice, serial_ice_j,
          serial_ice_m, serial_ice_n, serial_ice_o
D:10:     layout_roguey, david_orc_5
D:11:     layout_basic, nicolae_antique_artefacts, uniq_grum
D:12:     layout_basic, portal_ice_cave_demonic_guard, okawaru_trees_1
D:13:     layout_small_grid
D:14:     layout_loops_corners, david_vaults_2, grunt_decor_arrowhead
D:15:     hangedman_depths_entry_try_elsewhere_first, layout_rooms,
          gauntlet_entry_generic, nicolae_water_bricks, ashenzari_altar_1
Temple:   hc_temple_tempest_star
Depths:1: layout_cave_shapes, lightli_too_deep, serial_sigils_hangedman_snap,
          minmay_misc_feat_ornament, kennysheep_two_boxes, uniq_enchantress,
          uniq_sojobo, uniq_norris

Notes
Turn   | Place    | Note
-------+----------+-------------------------------------------
     0 | D:1      | sanka the Merfolk Shapeshifter began the quest for the Orb.
     0 | D:1      | Reached XP level 1. HP: 15/15 MP: 1/1
   153 | D:1      | Reached XP level 2. HP: 18/21 MP: 2/2
   285 | D:1      | Reached skill level 5 in Shapeshifting
   584 | D:1      | Reached XP level 3. HP: 21/24 MP: 3/3
   682 | D:1      | items in cage
  1427 | D:2      | Reached skill level 6 in Shapeshifting
  1620 | D:2      | Reached XP level 4. HP: 31/32 MP: 4/4
  2197 | D:3      | Reached XP level 5. HP: 25/37 MP: 5/5
  2200 | D:3      | Reached skill level 7 in Shapeshifting
  3241 | D:4      | Reached skill level 2 in Fighting
  3277 | D:4      | Reached skill level 4 in Unarmed Combat
  3353 | D:4      | Reached XP level 6. HP: 23/44 MP: 6/6
  3462 | D:4      | Noticed a black bear
  3472 | D:4      | HP: 4/44 [black bear (1)]
  3475 | D:4      | Killed a black bear
  3476 | D:4      | Reached skill level 5 in Unarmed Combat
  3478 | D:4      | HP: 4/66 [orc/+0 club (3)]
  3509 | D:4      | HP: 5/66 [orc/+1 whip of freezing (2)]
  3510 | D:4      | HP: 2/66 [orc/+1 whip of freezing (3)]
  3536 | D:4      | HP: 3/44 [adder (4)]
  3538 | D:4      | HP: 1/44 [adder (1)]
  4281 | D:4      | Reached skill level 6 in Unarmed Combat
  4323 | D:5      | Entered Level 5 of the Dungeon
  4348 | D:5      | Reached XP level 7. HP: 42/50 MP: 7/7
  4526 | D:5      | Found a glowing drain.
  4552 | Sewer    | Entered a sewer
  4625 | Sewer    | Reached skill level 7 in Unarmed Combat
  5004 | D:5      | Reached skill level 8 in Unarmed Combat
  5296 | D:5      | Reached XP level 8. HP: 54/56 MP: 8/8
  5462 | D:5      | Reached skill level 9 in Unarmed Combat
  5949 | D:6      | Reached skill level 10 in Unarmed Combat
  5949 | D:6      | Reached skill level 3 in Dodging
  6015 | D:6      | Found an iron altar of Okawaru.
  6033 | D:6      | Found a staircase to the Ecumenical Temple.
  6066 | Temple   | Entered the Ecumenical Temple
  6083 | D:6      | Became a worshipper of Warmaster Okawaru
  6302 | D:5      | Reached skill level 3 in Fighting
  6302 | D:5      | Reached skill level 4 in Dodging
  6809 | D:7      | Noticed Menkaure
  6815 | D:7      | Reached skill level 4 in Fighting
  6815 | D:7      | Reached skill level 5 in Dodging
  6815 | D:7      | Reached XP level 9. HP: 65/65 MP: 9/9
  6929 | D:7      | Killed Menkaure
  6929 | D:7      | Reached * piety under Okawaru
  7070 | D:7      | Reached skill level 6 in Dodging
  7096 | D:7      | Noticed Jeremiah
  7107 | D:7      | Killed Jeremiah
  7108 | D:7      | Reached skill level 5 in Fighting
  7142 | D:6      | HP: 5/68 [orc wizard/puff of flame (9)]
  7417 | D:7      | Reached skill level 7 in Dodging
  7584 | D:7      | Reached ** piety under Okawaru
  7585 | D:7      | Reached skill level 6 in Fighting
  8053 | D:7      | Reached skill level 1 in Invocations
  8076 | D:7      | Found a large runed translucent door.
  8076 | D:7      | Found a large runed translucent door.
  8166 | D:7      | Noticed a two-headed ogre
  8183 | D:7      | Killed a two-headed ogre
  8184 | D:7      | Reached skill level 7 in Fighting
  8184 | D:7      | Reached skill level 8 in Dodging
  8184 | D:7      | Reached skill level 3 in Invocations
  8189 | D:7      | Reached XP level 10. HP: 65/80 MP: 8/12
  8261 | D:7      | Noticed a cyclops
  8261 | D:7      | Noticed a cyclops
  8267 | D:7      | Found a large runed translucent door.
  8267 | D:7      | Found a large runed translucent door.
  8317 | D:7      | Reached *** piety under Okawaru
  8327 | D:7      | Reached skill level 8 in Fighting
  8327 | D:7      | Reached skill level 4 in Invocations
  8397 | D:7      | Noticed a green ugly thing
  8406 | D:7      | Killed a brown ugly thing
  8407 | D:7      | Reached skill level 5 in Invocations
  8620 | D:7      | Found a runed translucent door.
  8621 | D:7      | Noticed dakkaduck's ghost (novice TrSh)
  8760 | D:7      | Found a glowing golden altar of the Shining One.
  8769 | D:7      | Found a radiant altar of Vehumet.
  8770 | D:7      | Found a broken altar of Ashenzari.
  8821 | D:7      | Found the +8 trident of the Octopus King {venom, rElec
                  | rPois}
  8990 | D:8      | Reached skill level 8 in Shapeshifting
  9407 | D:8      | Reached skill level 9 in Shapeshifting
  9465 | D:8      | Reached **** piety under Okawaru
  9479 | D:8      | Reached skill level 10 in Shapeshifting
 10916 | D:8      | Reached skill level 11 in Shapeshifting
 10999 | D:9      | Identified 4 scrolls of acquirement
 11008 | D:9      | Acquired 1007 gold pieces
 11010 | D:9      | Acquired a manual of Invocations
 11012 | D:9      | Acquired an amulet of guardian spirit
 11014 | D:9      | Acquired a manual of Unarmed Combat
 11060 | D:9      | Noticed a kobold demonologist
 11206 | D:9      | Reached XP level 11. HP: 76/86 MP: 9/14
 11226 | D:9      | Reached skill level 12 in Shapeshifting
 11854 | D:9      | Found a staircase to the Lair.
 11867 | D:9      | Reached skill level 13 in Shapeshifting
 12451 | D:10     | Entered Level 10 of the Dungeon
 12795 | D:10     | Noticed a two-headed ogre
 12992 | D:10     | Found a staircase to the Orcish Mines.
 13199 | D:10     | Reached skill level 14 in Shapeshifting
 13494 | D:10     | Killed a two-headed ogre
 13715 | D:11     | Noticed a cyan ugly thing
 13727 | D:11     | Killed a purple ugly thing
 13739 | D:11     | Reached skill level 11 in Unarmed Combat
 13784 | D:11     | Reached skill level 9 in Dodging
 13937 | D:11     | Noticed a manticore
 13943 | D:11     | Noticed Grum
 13956 | D:11     | Killed a manticore
 13960 | D:11     | HP: 8/86 [Grum/+0 halberd of venom (11)]
 13961 | D:11     | Killed Grum
 14239 | D:11     | Found Noixzuus's Antique Artefacts.
 14253 | D:11     | Got Vaiwue's Tractate on Conduction
 14662 | D:11     | Bought a warped ivory amulet for 105 gold pieces
 14662 | D:11     | Identified the amulet of Law {^Fragile rElec Regen+ rCorr}
                  | (You bought it in a shop on level 11 of the Dungeon)
 14662 | D:11     | Bought a flickering marble ring for 105 gold pieces
 14662 | D:11     | Identified the ring of Qazlal's Regard {rC+ Dex+6 SInv}
                  | (You bought it in a shop on level 11 of the Dungeon)
 14662 | D:11     | Bought a flickering jade ring for 105 gold pieces
 14662 | D:11     | Identified the ring of Dobbasm {rF+ Int+2} (You bought it
                  | in a shop on level 11 of the Dungeon)
 14680 | D:12     | Noticed a manticore
 14695 | D:12     | Killed a manticore
 14696 | D:12     | Reached skill level 12 in Unarmed Combat
 14709 | D:12     | Reached skill level 10 in Dodging
 14717 | D:12     | Found an iron altar of Okawaru.
 14723 | D:12     | Noticed a skeletal warrior
 14816 | D:11     | Killed a skeletal warrior
 14882 | D:12     | Found a frozen archway.
 14889 | D:12     | Reached XP level 12. HP: 76/92 MP: 11/15
 14955 | IceCv    | Entered an ice cave
 14972 | IceCv    | Reached skill level 13 in Unarmed Combat
 15114 | IceCv    | Reached skill level 11 in Dodging
 15124 | IceCv    | Noticed a death yak
 15135 | IceCv    | Killed a death yak
 15342 | IceCv    | Noticed a death yak
 15350 | IceCv    | Killed a death yak
 15351 | IceCv    | Reached skill level 14 in Unarmed Combat
 15535 | IceCv    | Identified a +0 leather armour of resistance
 15559 | IceCv    | Noticed a death yak
 15559 | IceCv    | Noticed a frost giant
 15582 | IceCv    | Killed a frost giant
 15583 | IceCv    | Reached skill level 12 in Dodging
 15821 | IceCv    | Killed a death yak
 15822 | IceCv    | Reached skill level 15 in Unarmed Combat
 15998 | IceCv    | Noticed a death yak
 16029 | IceCv    | Killed a death yak
 16030 | IceCv    | Reached skill level 13 in Dodging
 16287 | IceCv    | Noticed a death yak
 16299 | IceCv    | Killed a death yak
 16340 | IceCv    | Noticed a death yak
 16349 | IceCv    | Reached skill level 14 in Dodging
 16353 | IceCv    | Killed a death yak
 16457 | IceCv    | Reached ***** piety under Okawaru
 16805 | D:11     | Reached XP level 13. HP: 79/98 MP: 10/16
 16870 | D:12     | Reached skill level 15 in Dodging
 17146 | D:12     | Reached skill level 9 in Fighting
 17342 | D:7      | Killed dakkaduck's ghost
 17572 | D:12     | Reached skill level 10 in Fighting
 18142 | D:13     | Reached skill level 11 in Fighting
 18582 | D:13     | Received a gift from Okawaru
 18684 | D:13     | Reached skill level 12 in Fighting
 19078 | D:14     | Noticed a yaktaur captain
 19105 | D:14     | Killed a yaktaur captain
 19219 | D:14     | Found a gate to the Vaults.
 19582 | D:14     | Reached skill level 16 in Unarmed Combat
 20093 | D:15     | Entered Level 15 of the Dungeon
 20100 | D:15     | Received a gift from Okawaru
 20122 | D:15     | Found a gate leading to a gauntlet.
 20130 | D:15     | Found a broken altar of Ashenzari.
 20156 | Gauntlet | Entered a Gauntlet
 20156 | Gauntlet | Found a transporter.
 20157 | Gauntlet | Found a large runed translucent door.
 20158 | Gauntlet | Found a large runed translucent door.
 20159 | Gauntlet | Found a large runed translucent door.
 20159 | Gauntlet | Found a large runed translucent door.
 20159 | Gauntlet | Found a runed translucent door.
 20160 | Gauntlet | Found a large runed translucent door.
 20161 | Gauntlet | Found a large runed translucent door.
 20162 | Gauntlet | Found a large runed translucent door.
 20162 | Gauntlet | Found a large runed translucent door.
 20163 | Gauntlet | Found a runed translucent gate.
 20163 | Gauntlet | Found a runed translucent gate.
 20165 | Gauntlet | Found a transporter.
 20173 | Gauntlet | Found a runed translucent gate.
 20173 | Gauntlet | Found a runed translucent door.
 20174 | Gauntlet | Found a large runed translucent door.
 20174 | Gauntlet | Found a large runed translucent door.
 20175 | Gauntlet | Found a large runed translucent door.
 20176 | Gauntlet | Found a large runed translucent door.
 20180 | Gauntlet | Found a transporter.
 20185 | Gauntlet | Found a transporter.
 20185 | Gauntlet | Noticed a cacodemon
 20200 | Gauntlet | Found a transporter.
 20219 | Gauntlet | Found a transporter.
 20231 | Gauntlet | Found a transporter.
 20243 | Gauntlet | Found a transporter.
 20255 | Gauntlet | Found a transporter.
 20255 | Gauntlet | Noticed a cacodemon
 20261 | Gauntlet | Found a transporter.
 20261 | Gauntlet | Found a transporter.
 20276 | Gauntlet | Found a transporter.
 20300 | Gauntlet | Found a transporter.
 20319 | Gauntlet | Found a transporter.
 20344 | Gauntlet | Found a transporter.
 20346 | Gauntlet | Found a transporter.
 20364 | Gauntlet | Found a large runed translucent door.
 20364 | Gauntlet | Found a large runed translucent door.
 20365 | Gauntlet | Found a large runed translucent door.
 20366 | Gauntlet | Found a large runed translucent door.
 20368 | Gauntlet | Found a transporter.
 20370 | Gauntlet | Found a transporter.
 20728 | Gauntlet | Reached skill level 17 in Unarmed Combat
 20732 | Gauntlet | Identified the ring of Uzube {Fly rC+ rCorr}
 20755 | Gauntlet | Gained mutation: You are vulnerable to heat. (rF-) [a
                  | neqoxec]
 20777 | Gauntlet | Gained mutation: You are weak. (Str -2) [a cacodemon]
 20778 | Gauntlet | Killed a cacodemon
 20779 | Gauntlet | Lost mutation: You are vulnerable to heat. (rF-) [potion of
                  | mutation]
 20779 | Gauntlet | Lost mutation: You are weak. (Str -2) [potion of mutation]
 20779 | Gauntlet | Gained mutation: You have hidden genetic defects. [potion
                  | of mutation]
 20779 | Gauntlet | Gained mutation: You are dopey. (Int -2) [potion of
                  | mutation]
 20779 | Gauntlet | Gained mutation: You have a pair of small horns on your
                  | head. [potion of mutation]
 20780 | Gauntlet | Lost mutation: You are dopey. (Int -2) [potion of mutation]
 20780 | Gauntlet | Lost mutation: You have hidden genetic defects. [potion of
                  | mutation]
 20780 | Gauntlet | Gained mutation: You are clumsy. (Dex -2) [potion of
                  | mutation]
 20780 | Gauntlet | Gained mutation: Your movements are slightly less
                  | encumbered by armour. (ER -2) [potion of mutation]
 20784 | Gauntlet | Identified the ring of Vebemutu {rCorr Int-5 Dex+6 SInv}
 20841 | Gauntlet | Identified the ring "Sioff" {rPois rF+ Will- Dex+5 Stlth+}
 20841 | Gauntlet | Noticed a minotaur
 20851 | Gauntlet | Killed a minotaur
 21098 | D:15     | Reached XP level 14. HP: 88/115 MP: 12/17
 21461 | D:15     | Identified a potion of resistance
 21677 | D:15     | Reached skill level 18 in Unarmed Combat
 21736 | D:15     | Reached skill level 6 in Invocations
 21842 | D:15     | Noticed a dire elephant
 21851 | D:15     | Reached skill level 7 in Invocations
 21998 | D:15     | Killed a dire elephant
 21999 | D:15     | Reached skill level 8 in Invocations
 22062 | D:15     | Found a staircase to the Depths.
 22079 | Depths:1 | Entered Level 1 of the Depths
 22088 | Depths:1 | Noticed a frost giant
 22106 | Depths:1 | Killed a frost giant
 22107 | Depths:1 | Reached skill level 9 in Invocations
 22299 | Depths:1 | HP: 11/115 [deep troll (15)]
 22299 | Depths:1 | HP: 1/115 [deep troll earth mage/blast of rock fragments
                  | (10)]
 22300 | Depths:1 | Killed from afar by a deep troll earth mage

Vanquished Creatures
  2 frost giants
  A cacodemon (Gauntlet)
  A dire elephant (D:15)
  A minotaur (Gauntlet)
  A yaktaur captain (D:14)
  3 hydras
  3 centaur warriors
  A deep troll shaman (Depths:1)
  2 two-headed ogres
  A boulder beetle (D:13)
  6 death yaks (IceCv)
  5 skeletal warriors
  The ghost of dakkaduck the Ruffian, a novice TrSh of Ru (D:7)
  A deep troll (Depths:1)
  2 arcanists
  5 deep elf pyromancers
  An orc knight (D:15)
  3 ugly things
  8 cyclopes
  An oklob plant (Gauntlet)
  A salamander (D:15)
  4 manticores
  3 meliai (D:13)
  2 slime creatures (D:15)
  An ice statue (IceCv)
  Jeremiah (D:7)
  5 rime drakes (IceCv)
  A kobold demonologist (D:9)
  2 yaktaurs (D:14)
  2 ice devils (D:12)
  5 polar bears
  4 trolls
  A hornet (D:10)
  A centaur simulacrum (D:14)
  13 yaks
  2 basilisks
  2 wyverns (D:9)
  8 vampire mosquitoes
  Menkaure (D:7)
  2 neqoxecs (Gauntlet)
  Grum (D:11)
  A steam dragon (D:7)
  2 acid dragons
  A water moccasin (D:8)
  15 orc warriors
  6 ice beasts
  3 sky beasts
  2 black bears
  2 laughing skulls (D:13)
  A crocodile (Sewer)
  6 ogres
  10 wolves
  A centaur (D:9)
  5 kobold brigands
  5 bullfrogs
  3 gnoll sergeants
  3 scorpions
  6 wights
  3 killer bees (D:9)
  4 electric eels
  3 howler monkeys
  2 jellies
  3 bombardier beetles
  3 hounds
  A gnoll bouda (D:10)
  11 orc priests
  4 iguanas
  10 orc wizards
  2 sleepcaps
  26 gnolls
  A river rat (D:5)
  16 adders
  3 shadow imps
  4 white imps
  5 ufetubi
  2 dart slugs
  6 ribbon worms
  72 orcs
  11 ball pythons
  5 endoplasms
  6 giant cockroaches
  9 goblins
  14 hobgoblins
  11 jackals
  37 kobolds
  4 quokkas
  5 bats
  2 frilled lizards
  4 rats
472 creatures vanquished.
